 Dungeon Crawl Stone Soup version 0.30-b1-2-g02819fbbbe (webtiles) character file.

Game seed: 17613454527897130017

925 raph the Insei (level 7, -6/60 HPs)
             Began as a Black Draconian Transmuter on Dec 24, 2023.
             Was an Initiate of Makhleb.
             Mangled by an ogre
             ... wielding a +0 giant spiked club
              (26 damage)
             ... on level 5 of the Dungeon.
             The game lasted 00:07:39 (4687 turns).

raph the Insei (Black Draconian Transmuter)         Turns: 4687, Time: 00:07:39

Health: -6/60      AC:  9    Str: 12    XL:     7   Next: 84%
Magic:  11/12      EV: 13    Int: 15    God:    Makhleb [......]
Gold:   101        SH:  0    Dex: 18    Spells: 6/12 levels left

rFire   . . .        h - +3 dagger (speed)
rCold   . . .        (no shield)
rNeg    . . .        (body armour unavailable)
rPois   .            (helmet currently unavailable)
rElec   +            l - +2 cloak
rCorr   .            (no gloves)
SInv    .            (boots currently unavailable)
Will    +....        (no amulet)
Stlth   ++           g - +6 ring of dexterity
HPRegen 0.30/turn    o - ring of willpower
MPRegen 0.13/turn

%: no passive effects
@: short of breath, appendages
A: horns 2, talons 2, breathe lightning, AC +6, unfitting armour, electricity
resistance, cold-blooded
a: Breathe Lightning, End Transformation, Renounce Religion


You were on level 5 of the Dungeon.
You worshipped Makhleb.
Makhleb was noncommittal.
You had temporarily grown beastly horns and talons.
You visited 2 branches of the dungeon, and saw 7 of its levels.

You collected 221 gold pieces.
You spent 120 gold pieces at shops.

Inventory:

Hand Weapons
 h - a +3 dagger of speed (weapon)
Armour
 l - a +2 cloak (worn)
Jewellery
 g - a +6 ring of dexterity (left hand)
 o - a ring of willpower (right hand)
 p - a ring of protection from cold
Wands
 q - a wand of roots (5)
Scrolls
 b - a scroll of fog
 d - a scroll of enchant armour
 n - a scroll of identify
 t - a scroll of magic mapping
 v - a scroll of fear
Potions
 a - a potion of lignification
 e - 2 potions of curing
 f - a potion of haste
 i - a potion of cancellation {unknown}
 j - 2 potions of mutation
 k - 6 potions of attraction
 m - a potion of brilliance {unknown}
 s - a potion of flight {unknown}
 w - a potion of heal wounds {unknown}


   Skills:
 * Level 4.8 Fighting
 + Level 3.2 Dodging
 * Level 5.4 Unarmed Combat
 + Level 3.3 Spellcasting
 * Level 4.8 Transmutations
 + Level 0.4 Poison Magic


You had 6 spell levels left.
You knew the following spells:

 Your Spells              Type           Power      Damage    Failure   Level
a - Beastly Appendage     Tmut           34%        N/A       2%          1
b - Wereblood             Tmut           17%        N/A       4%          2
c - Spider Form           Tmut/Pois      10%        N/A       21%         3

Your spell library contained the following spells:

 Spells                   Type           Power      Damage    Failure   Level
 Ice Form                 Ice/Tmut       9%         N/A       56%         4


Dungeon Overview and Level Annotations

Branches:
Dungeon (6/15)             Temple (1/1) D:4

Altars:
Cheibriados
Dithmenos
Elyvilon
Fedhas
Hepliaklqana
Kikubaaqudgha
Makhleb
Okawaru
Qazlal
Sif Muna
Uskayaw
Wu Jian
Xom
Yredelemnul
Zin

Shops:
D:2 [   D:6 (


Innate Abilities, Weirdness & Mutations

You have temporarily grown beastly horns and talons.
You can breathe wild blasts of lightning.
Your glossy black scales are hard. (AC +6)
You cannot fit into any form of body armour.
You are resistant to electric shocks. (rElec)
You are cold-blooded and may be slowed by cold attacks.


Message History

You grow a pair of large bovine horns.
Your feet morph into talons.
Found a dazzling leather armour.
The worm closely misses you.
You hit the worm.
The worm is moderately wounded.
You hit the worm. You claw the worm, but do no damage. You headbutt the worm.
You tail-slap the worm, but do no damage.
The worm is severely wounded.
You barely miss the worm.
The worm is severely wounded.
The worm closely misses you.
You hit the worm. Your kick misses the worm. You headbutt the worm.
You kill the worm!
Makhleb accepts your kill.
You see here a potion of degeneration.
Found a scroll of noise.
Found an escape hatch in the ceiling.
Your transformation is almost over.
You now have 101 gold pieces (gained 16).
Your horns disappear.
Your talons disappear.
An ogre comes into view. It is wielding a +0 giant spiked club.
The helpless ogre fails to defend itself.
You hit the ogre.
The ogre is lightly wounded.
Casting: Beastly Appendage (safe; 2% risk of failure)
Confirm with . or Enter, or press ? or * to list all spells.
You grow a pair of large bovine horns.
Your feet morph into talons.
The ogre hits you with a +0 giant spiked club!!
You barely miss the ogre.
The ogre is lightly wounded.
You hit the ogre. You headbutt the ogre.
The ogre is moderately wounded.
The ogre hits you with a +0 giant spiked club!
Activating: Breathe Lightning (5% risk of failure)
Press: ? - help, Dir - look around, f - activate You breathe a wild blast of lightning!
The orb of electricity explodes!
You hit the ogre.
The ogre is heavily wounded.
The ogre hits you with a +0 giant spiked club!!
You die...

#####..... #.#
#+##.........
#.##.............
#.##........![...
#................
#..?...#.........
#......#.........
######.##...#.........
+....@......#.......[.
####O#...........#####
#.#.......##### ###
#.#.......# #..
#.#.......# #.#
#.#.......... ##..
.............. #...
..<........... #...
................ #...


You could see an ogre.

Vanquished Creatures
  Sigmund (D:4)
  Edmund (D:4)
  A black bear (D:5)
  2 centaurs
  2 phantoms (D:5)
  A hound (D:5)
  Natasha (thrice) (D:2)
  Robin (D:4)
  A gnoll (D:2)
  4 adders
  2 white imps
  2 worms
  2 dart slugs
  3 orcs
  3 ball pythons
  10 bats
  4 endoplasms
  3 giant cockroaches
  15 goblins
  9 hobgoblins
  7 jackals
  3 kobolds
  3 quokkas
  6 frilled lizards
  2 rats
91 creatures vanquished.

Notes
Turn   | Place    | Note
-------+----------+-------------------------------------------
     0 | D:1      | raph the Draconian Transmuter began the quest for the Orb.
     0 | D:1      | Reached XP level 1. HP: 16/16 MP: 3/3
   396 | D:1      | Reached XP level 2. HP: 23/23 MP: 3/5
   929 | D:1      | Learned a level 2 spell: Wereblood
  1115 | D:2      | Reached XP level 3. HP: 26/29 MP: 4/6
  1151 | D:2      | Noticed Natasha
  1159 | D:2      | Killed Natasha
  1177 | D:2      | Found Uwogomm's Antique Armour Boutique.
  1183 | D:2      | Reached XP level 4. HP: 36/36 MP: 5/7
  1407 | D:2      | Noticed Natasha
  1563 | D:2      | Killed Natasha
  1568 | D:2      | Noticed Natasha
  1574 | D:2      | Killed Natasha
  1575 | D:2      | Reached XP level 5. HP: 27/42 MP: 8/8
  1809 | D:3      | Found a faded altar of an unknown god.
  1843 | D:3      | Reached skill level 4 in Unarmed Combat
  2204 | D:2      | Bought a glowing cloak for 120 gold pieces
  2718 | D:4      | Found a staircase to the Ecumenical Temple.
  2721 | D:4      | Noticed Robin
  2749 | D:4      | Killed Robin
  2772 | Temple   | Entered the Ecumenical Temple
  3134 | Temple   | Became a worshipper of Makhleb the Destroyer
  3215 | D:4      | You fall into a shaft and drop 2 floors!
  3239 | D:6      | Noticed a centaur
  3251 | D:6      | Killed a centaur
  3252 | D:6      | Reached XP level 6. HP: 32/51 MP: 5/10
  3331 | D:6      | Found Toavyom's Weapon Emporium.
  3380 | D:5      | Entered Level 5 of the Dungeon
  3407 | D:5      | Found a hide-covered altar of Uskayaw.
  3525 | D:5      | Found a shimmering blue altar of Sif Muna.
  3590 | D:5      | Your scales start taking on a glossy black colour.
  3590 | D:5      | Reached XP level 7. HP: 58/59 MP: 9/11
  3590 | D:5      | Gained mutation: You are resistant to electric shocks.
                  | (rElec) [Black Draconian growth]
  3707 | D:4      | Noticed Sigmund
  3717 | D:4      | Killed Sigmund
  3718 | D:4      | Reached skill level 5 in Unarmed Combat
  3733 | D:4      | Noticed Edmund
  3987 | D:4      | Killed Edmund
  3992 | D:4      | Learned a level 3 spell: Spider Form
  4687 | D:5      | Mangled by an ogre

Illustrated notes

Levels and vault maps discovered:
D:1:      dpeg_arrival_signposts, layout_basic
D:2:      layout_loops_cross, serial_shops,
          nicolae_shop_temple_entry_statues_fountains, st_stairs_11,
          minmay_tromino_i4, uniq_natasha
D:3:      layout_basic, ebering_ecumenical_altar_abandoned,
          minmay_misc_feat_plants, kennysheep_generic_room_6
D:4:      layout_basic, minmay_temple_entry_grid, uniq_robin, uniq_edmund,
          uniq_sigmund
D:5:      layout_basic, nicolae_uskayaw_dance_hall, lemuel_blue_sif_altar
D:6:      layout_cave_pools, serial_shops, nicolae_shop_hallway_plus,
          nicolae_shop_industrial_runoff, nicolae_shop_pleasant_corner_grove
Temple:   oiseaux_autumnal_temple

Skill      XL: |  1  2  3  4  5  6  7 |
---------------+----------------------+-----
Dodging        | 2 3 |  3.2
Fighting       | 2 3 4 |  4.8
Transmutations | 3 4 |  4.8
Unarmed Combat | 4 5 |  5.4
Spellcasting   | 3 |  3.3
Poison Magic   | |  0.4

Action                     |  1- 3 |  4- 6 |  7- 9 || total
---------------------------+-------+-------+-------++-------
  Melee: Unarmed           |    46 |       |       ||    46
         Kick              |    14 |    33 |    29 ||    76
         Tailslap          |     7 |    10 |    17 ||    34
         Headbutt          |     8 |    17 |    23 ||    48
         Punch             |     4 |     5 |     1 ||    10
         Dagger            |    14 |   135 |    89 ||   238
   Cast: Beastly Appendage |    17 |    20 |    10 ||    47
         Wereblood         |     1 |     6 |       ||     7
Ability: Breathe Lightning |       |       |     3 ||     3
    Use: Scroll            |       |     9 |     4 ||    13
         Potion            |       |       |     1 ||     1
   Stab: Sleeping          |       |     2 |     1 ||     3
 Armour: Skin              |    26 |    56 |    19 ||   101
  Dodge: Dodged            |    39 |    90 |    26 ||   155
